 Dungeon Crawl Stone Soup version 0.24-a0-458-gfcb5e6da0e (webtiles) character file.

Game seed: 4021333475968036391

192 drasked the Ruffian (level 5, 0/47 HPs)
             Began as a Ghoul Monk on June 27, 2019.
             Slain by Crazy Yiuf
             ... wielding a +2 quarterstaff of chaos
              (2 damage)
             ... while petrified by Crazy Yiuf
             ... on level 3 of the Dungeon.
             The game lasted 00:05:42 (3954 turns).

drasked the Ruffian (Ghoul Monk)                    Turns: 3954, Time: 00:05:42

Health: 0/47       AC:  2    Str: 15    XL:     5   Next: 71%
Magic:  0/4        EV:  2    Int:  6    God:
Gold:   159        SH:  0    Dex: 11    Spells: 4/4 levels left

rFire    . . .     SeeInvis .     - Unarmed
rCold    + . .     Gourm    .   (no shield)
rNeg     + + +     Faith    .   a - +0 robe
rPois    ∞         Spirit   .   (no helmet)
rElec    .         Reflect  .   (no cloak)
rCorr    .         Harm     .   (no gloves)
MR       .....                  (no boots)
Stlth    ++........             (no amulet)
HPRegen  0.00/turn              (no ring)
MPRegen  0.09/turn              (no ring)

@: petrified, rotting
A: rotting body, claws 1, carnivore, cold resistance 1, negative energy
resistance 3, inhibited regeneration, torment resistance, unbreathing
a: no special abilities


You were on level 3 of the Dungeon.
You were hungry.

You visited 1 branch of the dungeon, and saw 3 of its levels.

You collected 159 gold pieces.

Inventory:

Missiles
 k - 12 poisoned darts
 Q - 6 stones (quivered)
Armour
 a - a +0 robe (worn)
Wands
 m - a wand of acid (7)
   (You found it on level 3 of the Dungeon)
Scrolls
 c - a scroll of enchant weapon {unknown}
 d - 5 scrolls of remove curse {unknown}
 g - 3 scrolls of fog {unknown}
 j - a scroll of identify {unknown}
 o - a scroll of teleportation {unknown}
Potions
 b - 2 potions of ambrosia {unknown}
 h - a potion of invisibility {unknown}
 i - a potion of resistance {unknown}
 l - a potion of cancellation {unknown}
 n - a potion of curing {unknown}
Comestibles
 e - 4 rations


   Skills:
 + Level 4.7 Fighting
 - Level 2.6 Dodging
 - Level 2.1 Stealth
 * Level 5.8 Unarmed Combat


You had 4 spell levels left.
You didn't know any spells.
Your spell library was empty.

Dungeon Overview and Level Annotations

Branches:
Dungeon (3/15)

Altars:
Ru

Annotations:
D:3 Crazy Yiuf


Innate Abilities, Weirdness & Mutations

Your body is rotting away.
You thrive on raw meat.
You are immune to poison.
You have sharp fingernails.
You are carnivorous and can eat meat at any time.
Your flesh is cold resistant. (rC+)
You are immune to negative energy. (rN+++)
You do not regenerate when monsters are visible.
You are immune to unholy pain and torment.
You can survive without breathing.


Message History

You throw a stone.
The stone hits the worm but does no damage.
Throwing (i - inventory. (/) - cycle)
Q - 6 stones (quivered)
Aim: a worm (lightly wounded)
You throw a stone. The stone hits the worm.
Throwing (i - inventory. (/) - cycle)
Q - 5 stones (quivered)
Aim: a worm (lightly wounded)
You throw a stone. The stone barely misses the worm.
Throwing (i - inventory. (/) - cycle)
Q - 4 stones (quivered)
Aim: a worm (lightly wounded)
You throw a stone. The stone hits the worm.
Throwing (i - inventory. (/) - cycle)
Q - 3 stones (quivered)
Aim: a worm (lightly wounded)
You throw a stone. The stone barely misses the worm.
Throwing (i - inventory. (/) - cycle)
Q - 2 stones (quivered)
Aim: a worm (lightly wounded)
You throw a stone. The stone hits the worm.
You scratch the worm. You scratch the worm. The worm bites you.
You claw the worm!
You kill the worm!
No target in view!
No target in view!
You start resting.
Q - 2 stones (gained 1)
Q - 3 stones (gained 1)
Q - 4 stones (gained 1)
Q - 5 stones (gained 1)
Q - 6 stones (gained 1)
Q - 7 stones (gained 1)
You now have 115 gold pieces (gained 13).
o - a scroll labeled WAOJ DIOHAAW You now have 131 gold pieces (gained 16).
Found a stone staircase leading up and a stone staircase leading down.
There is a stone staircase leading up here.
There is a stone staircase leading down here.
All of the chunks of flesh in your inventory have rotted away.
You are feeling hungry.
Found a sacrificial altar of Ru.
You now have 144 gold pieces (gained 13).
You now have 159 gold pieces (gained 15).
You're in a travel-excluded area, stopping explore.
No reachable target in view!
No reachable target in view!
No reachable target in view!
No reachable target in view!
No reachable target in view!
Unknown command.
You open the door.
Crazy Yiuf shouts!
There is an open translucent door here.
Throwing (i - inventory. (/) - cycle)
Q - 7 stones (quivered)
Aim: Crazy Yiuf, wielding a +2 quarterstaff of chaos and wearing a +2 cloak You throw a stone.
The stone barely misses Crazy Yiuf.
You claw Crazy Yiuf!
Crazy Yiuf drinks a potion.
Crazy Yiuf is healed!
You scratch Crazy Yiuf.
Crazy Yiuf says, "Snurf cower arga!"
Crazy Yiuf misses you.
Unknown command.
You closely miss Crazy Yiuf.
Crazy Yiuf hits you with a +2 quarterstaff of chaos!
Unknown command.
You claw Crazy Yiuf! Crazy Yiuf misses you.
Unknown command.
You scratch Crazy Yiuf but do no damage.
Crazy Yiuf hits you with a +2 quarterstaff of chaos!
You are slowing down.
You closely miss Crazy Yiuf. Crazy Yiuf completely misses you.
Your limbs are stiffening.
You closely miss Crazy Yiuf.
Crazy Yiuf hits you with a +2 quarterstaff of chaos!
* * * LOW HITPOINT WARNING * * *
Crazy Yiuf freezes you.
You have turned to stone.
Crazy Yiuf cries, "Ice!
Fluff wrapper sallow."
Crazy Yiuf hits you with a +2 quarterstaff of chaos!
* * * LOW HITPOINT WARNING * * *
Crazy Yiuf freezes you.
Crazy Yiuf hits you with a +2 quarterstaff of chaos!
* * * LOW HITPOINT WARNING * * *
Crazy Yiuf burns you. Crazy Yiuf completely misses you.
Crazy Yiuf says, "Fire!"
Crazy Yiuf completely misses you.
Crazy Yiuf hits you with a +2 quarterstaff of chaos!
* * * LOW HITPOINT WARNING * * *
You feel your power leaking away.
* * * LOW MAGIC WARNING * * *
Crazy Yiuf hits you with a +2 quarterstaff of chaos!
* * * LOW HITPOINT WARNING * * *
Crazy Yiuf freezes you.
Crazy Yiuf hits you with a +2 quarterstaff of chaos.
* * * LOW HITPOINT WARNING * * *
Crazy Yiuf burns you.
* * * LOW HITPOINT WARNING * * *
Crazy Yiuf hits you with a +2 quarterstaff of chaos!
* * * LOW HITPOINT WARNING * * *
Crazy Yiuf burns you.
You die...

#...# #....# #......###.#
##.## #PPP.# #...........
####.# #...## #.#.##.#####
##....# ##.## #...##.#
##.###.# #.## #.####.#
#.## ##.# ##.# #.####.#
#.# .# #.## #......## #.##
.# ##.# ###.....####
##.###.## #@# #.........
#....# #.g.# #.........
#.#### #...# #.........
#.# #..)# ###..##.####
#.###### ##### #..._##.#
#.##...# ##......#
#.##.################.####
#.##.####.##.....####.#
#.......#.##..........#


You could see Crazy Yiuf.

Levels and vault maps discovered:
D:1:      matt_arrival_grand_opening, layout_basic, columned_hall_lemuel
D:2:      layout_basic
D:3:      layout_loops_cross, overflow_temple_1_default, uniq_crazy_yiuf_cottage

Notes
Turn   | Place    | Note
-------+----------+-------------------------------------------
     0 | D:1      | drasked the Ghoul Monk began the quest for the Orb.
     0 | D:1      | Reached XP level 1. HP: 19/19 MP: 0/0
    70 | D:1      | Identified a +0 club
   265 | D:1      | Identified a +0 club
   265 | D:1      | Identified a cursed +0 dagger
   326 | D:1      | Reached XP level 2. HP: 8/25 MP: 1/1
   652 | D:1      | Identified a +0 whip
  1220 | D:2      | Identified a +0 club
  1220 | D:2      | Identified a cursed +0 leather armour
  1220 | D:2      | Identified a +0 dagger
  1220 | D:2      | Identified a cursed +0 robe
  1220 | D:2      | Identified a +0 dagger
  1220 | D:2      | Identified a +0 robe
  1220 | D:2      | Identified a cursed -2 dagger
  1220 | D:2      | Identified a +0 robe
  1220 | D:2      | Identified a cursed -1 hand axe
  1223 | D:2      | Identified a +0 club
  1225 | D:1      | Reached skill level 4 in Unarmed Combat
  1225 | D:1      | Reached XP level 3. HP: 22/32 MP: 2/2
  1231 | D:1      | HP: 7/32 [orc/cursed -1 hand axe (2)]
  1509 | D:2      | Identified a +0 club
  1568 | D:2      | Reached skill level 4 in Fighting
  1593 | D:2      | Identified a +0 flail
  1595 | D:2      | Identified a +0 spear
  1597 | D:2      | Identified a +0 whip
  1638 | D:1      | Reached XP level 4. HP: 19/40 MP: 3/3
  1939 | D:2      | Reached skill level 5 in Unarmed Combat
  2318 | D:2      | Identified a cursed +0 dagger
  2401 | D:2      | Reached XP level 5. HP: 43/45 MP: 4/4
  2449 | D:2      | Identified a +0 club
  3648 | D:3      | Identified a +0 trident
  3860 | D:3      | Found a sacrificial altar of Ru.
  3932 | D:3      | Found a runed translucent door.
  3933 | D:3      | Identified a +2 quarterstaff of chaos
  3933 | D:3      | Identified a +2 cloak
  3933 | D:3      | Noticed Crazy Yiuf
  3952 | D:3      | HP: 9/47 [Crazy Yiuf/+2 quarterstaff of chaos (6)]
  3954 | D:3      | HP: 2/47 [Crazy Yiuf/+2 quarterstaff of chaos (4)]
  3954 | D:3      | Slain by Crazy Yiuf

Table legend:
 A = Turns spent in this place as a percentage of turns spent in the entire game.
 B = Non-inter-level travel turns spent in this place as a percentage of non-inter-level travel turns spent in the entire game.
 C = Inter-level travel turns spent in this place as a percentage of turns spent in this place.
 D = Turns resting spent in this place as a percentage of non-inter-level travel turns spent in this place.
 E = Turns spent auto-exploring this place as a percentage of non-inter-level travel turns spent in this place.
 F = Non-inter-level travel turns spent in this place divided by the number of levels of this place that you've seen.
                   A       B       C       D       E      F
               +-------+-------+-------+-------+-------+----------------------
         Total | 100.0 | 100.0 |   2.3 |  36.4 |  51.4 | 1288.3
       Dungeon | 100.0 | 100.0 |   2.3 |  36.4 |  51.4 | 1288.3
               +-------+-------+-------+-------+-------+----------------------

Table legend:
 A = Kills in this place as a percentage of kills in entire the game.
 B = Kills by you in this place as a percentage of kills by you in the entire game.
 C = Kills by friends in this place as a percentage of kills by friends in the entire game.
 D = Other kills in this place as a percentage of other kills in the entire game.
 E = Experience gained in this place as a percentage of experience gained in the entire game.
 F = Experience gained in this place divided by the number of levels of this place that you have seen.
                   A       B       C       D       E      F
               +-------+-------+-------+-------+-------+----------------------
         Total | 100.0 | 100.0 |   N/A |   N/A | 100.0 |  91.7
       Dungeon | 100.0 | 100.0 |   N/A |   N/A | 100.0 |  91.7
               +-------+-------+-------+-------+-------+----------------------

Skill      XL: |  1  2  3  4 |
---------------+-------------+-----
Unarmed Combat | 4 5 |  5.8
Fighting       | 4 |  4.7
Dodging        | |  2.6
Stealth        | |  2.1

Action                   |  1- 3 |  4- 6 || total
-------------------------+-------+-------++-------
Melee: Unarmed           |    62 |   116 ||   178
       Punch             |       |     2 ||     2
Throw: Stone             |    30 |    61 ||    91
 Stab: Sleeping          |     1 |     1 ||     2
  Eat: Chunk             |     5 |     5 ||    10
Armor: Robe              |     7 |    20 ||    27
Dodge: Dodged            |    40 |    60 ||   100

Vanquished Creatures
  3 orc wizards
  4 gnolls
  3 adders
  A worm (D:3)
  2 leopard geckos
  3 orcs
  2 ball pythons
  A giant cockroach (D:1)
  2 goblins
  4 hobgoblins
  A quokka (D:2)
  7 bats
  3 frilled lizards (D:2)
  7 kobolds
  6 rats
49 creatures vanquished.
